Map: Chantier naval orbital

Players

Player - Winner!

  • Race: Protoss Protoss
  • League: Diamond

Worming

  • Race: Zerg Zerg
  • League: Diamond

VOD

Have the link to the VOD?

Description

Time

  • Played on: Jan. 22, 2016, 5:17 p.m.
  • Length: 10:06
Show
View Real Time Build Order
Export as new Build Order

Player Protoss - Winner!

Build Orders: Nexus First, Dark Templar Rush 

Get SALT Encoding   

  12  0:11  Probe (Chrono Boost)  
  13  0:24  Pylon  
  13  0:29  Probe (Chrono Boost)  
  14  0:59  Nexus  
  14  1:05  Probe (Chrono Boost)  
  15  1:15  Gateway  
  15  1:16  Probe (Chrono Boost)  
  16  1:28  Probe (Chrono Boost)  
  17  1:38  Probe (Chrono Boost), Assimilator  
  17  1:39  Assimilator  
  18  1:54  Probe (Chrono Boost)  
  19  1:58  Pylon  
  19  2:09  Cybernetics Core  
  19  2:11  Zealot  
  19  2:12  Probe (Chrono Boost)  
  19  2:13  Probe (Chrono Boost)  
  24  2:23  Probe (Chrono Boost)  
  24  2:31  Probe (Chrono Boost)  
  24  2:33  Probe (Chrono Boost)  
  26  2:38  Pylon  
  26  2:46  Mothership Core (Chrono Boost)  
  26  2:47  Sentry  
  30  2:53  Pylon  
  30  3:02  Probe (Chrono Boost)  
  31  3:06  Twilight Council  
  31  3:09  Probe (Chrono Boost)  
  33  3:12  Probe (Chrono Boost)  
  33  3:13  Warp Gate  
  33  3:19  Probe (Chrono Boost)  
  34  3:23  Probe (Chrono Boost)  
  35  3:30  Probe (Chrono Boost)  
  35  3:33  Probe (Chrono Boost)  
  37  3:35  Gateway  
  37  3:46  Gateway, Probe (Chrono Boost)  
  38  3:52  Probe (Chrono Boost)  
  39  3:57  Dark Shrine  
  39  4:01  Probe (Chrono Boost)  
  40  4:06  Gateway  
  40  4:07  Robotics Facility  
  39  4:10  Pylon  
  39  4:14  Probe (Chrono Boost)  
  40  4:18  Probe (Chrono Boost)  
  40  4:19  Dark Shrine  
  41  4:25  Probe (Chrono Boost)  
  41  4:28  Probe (Chrono Boost)  
  43  4:35  Probe (Chrono Boost)  
  43  4:37  Gateway  
  44  4:39  Gateway  
  44  4:40  Assimilator  
  44  4:41  Gateway  
  44  4:45  Probe (Chrono Boost), Assimilator  
  45  4:53  Probe (Chrono Boost)  
  46  5:00  Warp Prism  
  48  5:07  Probe x2 (Chrono Boost)  
  50  5:18  Probe (Chrono Boost)  
  50  5:19  Pylon  
  51  5:35  Dark Templar x3  
  57  5:40  Dark Templar  
  58  5:47  Probe (Chrono Boost)  
  59  5:54  Probe (Chrono Boost)  
  59  5:56  Charge (Chrono Boost)  
  60  5:58  Probe (Chrono Boost)  
  60  6:00  Gateway  
  60  6:01  Gateway  
  60  6:02  Pylon  
  60  6:05  Probe (Chrono Boost)  
  60  6:08  Dark Templar  
  63  6:20  Probe (Chrono Boost)  
  63  6:21  Probe (Chrono Boost)  
  64  6:31  Probe (Chrono Boost)  
  65  6:34  Nexus  
  65  6:35  Pylon  
  65  6:37  Pylon  
  61  6:42  Warp Prism  
  59  6:56  Probe (Chrono Boost)  
  59  7:01  Dark Templar  
  60  7:12  Zealot x2  
  60  7:13  Zealot x3  
  70  7:16  Probe  
  70  7:17  Probe, Templar Archives  
  70  7:19  Immortal  
  76  7:26  Probe  
  76  7:29  Probe  
  78  7:37  Probe  
  78  7:43  Pylon  
  79  7:44  Pylon  
  79  7:46  Zealot x3  
  79  7:47  Zealot x2  
  79  7:48  Zealot  
  91  7:54  Probe  
  91  7:56  Probe x2  
  93  8:11  Zealot  
  93  8:12  Zealot x5  
  105  8:19  Probe  
  105  8:21  Probe  
  105  8:23  Probe  
  108  8:30  Probe  
  108  8:33  Probe  
  108  8:38  Probe  
  108  8:40  Probe  
  109  8:45  High Templar x4  
  109  8:46  Gateway, Assimilator x2, High Templar x2  
  122  8:49  Gateway  
  122  8:50  Archon  
  122  8:51  Archon x2  
  122  8:58  Probe  
  122  8:59  Probe  
  124  9:03  Probe  
  125  9:11  Pylon  
  125  9:12  Pylon  
  125  9:14  Probe, Pylon  
  124  9:17  Pylon  
  112  9:42  Zealot  
  112  9:44  Probe  
  106  9:45  Probe  
  108  9:59  Stalker  
  110  10:00  Zealot x2, Stalker x2  
  110  10:01  Zealot  
  110  10:03  Gateway  
  110  10:05  Gateway  
Show
View Real Time Build Order
Export as new Build Order

Worming Zerg 

Build Orders: Hatch First 

Get SALT Encoding   

  12  0:01  Drone  
  13  0:12  Overlord  
  13  0:17  Drone  
  14  0:30  Drone x2  
  14  0:35  Drone  
  17  0:51  Hatchery  
  17  0:55  Drone  
  17  0:58  Drone  
  18  1:11  Spawning Pool  
  17  1:14  Drone  
  17  1:17  Drone  
  19  1:22  Extractor  
  18  1:30  Drone  
  19  1:38  Drone  
  20  1:58  Queen  
  22  2:03  Zergling x4  
  22  2:04  Queen  
  22  2:07  Drone  
  27  2:11  Overlord  
  27  2:17  Drone  
  28  2:33  Drone x3, Metabolic Boost  
  31  2:43  Drone x2  
  32  3:04  Drone x3  
  35  3:07  Overlord  
  35  3:23  Drone, Evolution Chamber  
  35  3:27  Drone x6  
  41  3:43  Zergling x2  
  41  3:47  Drone  
  43  3:50  Extractor  
  43  3:52  Zerg Missile Weapons Level 1  
  43  3:55  Zergling x2  
  43  4:15  Drone, Hatchery  
  43  4:20  Overlord  
  43  4:21  Overlord  
  43  4:22  Overlord  
  43  4:26  Extractor  
  43  4:27  Extractor  
  43  4:29  Overlord  
  41  4:36  Overlord  
  41  4:37  Overlord  
  41  4:44  Drone x4  
  45  4:46  Drone x3  
  45  4:48  Drone  
  49  4:56  Drone x4  
  53  5:02  Lair  
  53  5:03  Roach Warren  
  52  5:18  Spore Crawler  
  52  5:19  Spore Crawler  
  50  5:22  Drone x5  
  50  5:23  Overlord  
  50  5:24  Overlord  
  50  5:25  Zergling x6  
  50  5:27  Queen  
  60  5:38  Drone x5  
  65  5:48  Drone x6  
  70  6:11  Drone x7  
  70  6:13  Extractor  
  70  6:15  Extractor  
  75  6:20  Overseer  
  75  6:21  Overseer  
  75  6:22  Overseer  
  72  6:30  Roach x4  
  72  6:31  Roach x5  
  86  6:45  Drone x4  
  78  6:56  Drone x9  
  78  6:59  Queen  
  89  7:07  Zerg Missile Weapons Level 2  
  89  7:08  Glial Reconstitution  
  89  7:16  Drone x2  
  89  7:17  Drone x2  
  89  7:22  Overseer  
  93  7:29  Overlord  
  93  7:30  Overlord  
  93  7:31  Spore Crawler, Overlord  
  93  7:34  Hydralisk Den  
  90  7:42  Ravager x9  
  98  7:47  Queen  
  98  7:48  Queen  
  102  7:51  Zergling x12  
  102  7:52  Zergling x4  
  95  8:21  Roach x6  
  95  8:23  Drone x7  
  97  8:37  Drone x3  
  100  8:46  Hatchery  
  99  8:58  Roach x6  
  111  9:04  Hydralisk x4  
  116  9:21  Roach x2  
  116  9:22  Roach x3  
  107  9:33  Roach  
  107  9:34  Roach x3  
  103  9:40  Roach x2  
  85  9:49  Ravager x2  
  85  9:50  Ravager x3  
Tags
 
Add a new tag
Caveats
  • Supply blocks, unpowered buildings, or Contaminate may cause inaccurate times.
  • Supply counts are checked every 10 seconds.